 Dungeon Crawl Stone Soup version 0.18-a0-1776-gf4084f6 (webtiles) character file.

280 TheGoonsmith the Magician (level 6, -7/34 HPs)
             Began as a Deep Elf Summoner on Apr 16, 2016.
             Mangled by dwasdwasdwas's ghost (14 damage)
             ... on level 3 of the Dungeon.
             The game lasted 00:06:48 (2070 turns).

TheGoonsmith the Magician (Deep Elf Summoner)       Turns: 2070, Time: 00:06:49

Health: -7/34      AC:  2    Str:  5    XL:     6   Next: 5%
Magic:  6/18       EV: 14    Int: 20    God:
Gold:   132        SH:  0    Dex: 17    Spells: 4 memorised, 10 levels left

rFire  . . .     SeeInvis .     h - +0 short sword (elec)
rCold  . . .     Gourm    .     a - +0 robe
rNeg   . . .     Faith    .     (no shield)
rPois  .         Spirit   .     (no helmet)
rElec  .         Dismiss  .     (no cloak)
rCorr  .         Reflect  .     (no gloves)
SustAt .         Harm     .     (no boots)
MR     .....                    (no amulet)
Stlth  ++........               (no ring)
                                n - ring of flight

@: not resistant to hostile enchantments, unstealthy
A: no striking features
a: Evoke Flight


You were on level 3 of the Dungeon.
You were hungry.

You visited 1 branch of the dungeon, and saw 4 of its levels.

You collected 132 gold pieces.

Inventory:

Hand Weapons
 e - a +0 dagger
 h - a +0 short sword of electrocution (weapon)
Armour
 a - a +0 robe (worn)
 l - a +0 buckler
Jewellery
 n - a ring of flight (left hand)
 q - a cursed -3 ring of evasion {unknown}
Wands
 t - a wand of random effects (24/48)
Scrolls
 d - 4 scrolls of remove curse {unknown}
 i - 2 scrolls of identify {unknown}
 m - 2 scrolls of noise {unknown}
 p - 3 scrolls of immolation {unknown}
Potions
 f - 2 potions of heal wounds {unknown}
 g - a potion of cancellation {unknown}
 j - a potion of might {unknown}
 k - a potion of flight {unknown}
 o - a potion of resistance {unknown}
Books
 b - a book of Callings

   Spells                             Type                      Level
   a - Summon Small Mammal            Summoning                    1
   b - Call Imp                       Summoning                    2
   c - Call Canine Familiar           Summoning                    3
   d - Summon Guardian Golem          Hexes/Summoning              3
   e - Summon Lightning Spire         Summoning/Air                4
   f - Summon Ice Beast               Ice/Summoning                4
Comestibles
 c - a bread ration
 r - a beef jerky


   Skills:
 - Level 1.0 Fighting
 - Level 3.6 Dodging
 - Level 2.4 Stealth
 + Level 7.7 Spellcasting
 - Level 4.3 Summonings


You had 10 spell levels left.
You knew the following spells:

 Your Spells              Type           Power        Failure   Level  Hunger
a - Summon Small Mammal   Summ           ####         1%          1    None
b - Call Imp              Summ           ####....     2%          2    None
c - Call Canine Familiar  Summ           ####....     6%          3    None
d - Summon Ice Beast      Ice/Summ       ###.....     38%         4    ###....


Dungeon Overview and Level Annotations

Branches:
Dungeon (4/15)
 Temple: D:4-7

Altars:

Annotations:
D:3 dwasdwasdwas's ghost, novice DsMo


Message History

Your shadow imp hits dwasdwasdwas's ghost.
The bat misses your crimson imp.
The bat hits your crimson imp but does no damage.
Read which item? (? for menu, Esc to quit)
Okay, then.
The bat misses your crimson imp.
The bat completely misses your crimson imp.
Your crimson imp blinks!
Found a cyan potion.
The bat hits your shadow imp but does no damage.
The bat barely misses your quokka. The bat barely misses your crimson imp.
The bat completely misses your shadow imp.
Dwasdwasdwas's ghost wails, "They lied to you.
The Dungeon just goes down and down forever."
Your crimson imp says, "Isn't this more fun with friends?"
Casting: Call Imp
Confirm with . or Enter, or press ? or * to list all spells.
A beastly little devil appears in a puff of flame.
Dwasdwasdwas's ghost hits you!
You die...

... ... .. ...
.. #.. .##!#
...# ......
#..## ......
#.5.## ...[.<
#@..# ......#
##W.## .......
#...# .......##
#r#.#
.......h###.#...
#5ยง##5# ###
##.##.###
#...55.#
#..b...#


You could see dwasdwasdwas's ghost, 3 friendly crimson imps, a friendly shadow
imp and a friendly quokka.

Vanquished Creatures
  An ogre (D:4)
  A centaur skeleton (D:4)
  2 iguanas (D:4)
  An ooze (D:4)
  A giant gecko (D:4)
  A bat (D:1)
  2 jackals (D:1)
  2 rats (D:1)
11 creatures vanquished.

Vanquished Creatures (collateral kills)
  The ghost of dwasdwasdwas the Ducker, an amateur SpAK of Lugonu (D:4)
  A hound (D:4)
  3 orc priests (D:4)
  An iguana (D:4)
  2 oozes (D:1)
  A dart slug (D:2)
  A giant gecko (D:1)
  An orc (D:4)
  A bat (D:1)
  2 giant cockroaches
  5 goblins
  A hobgoblin (D:1)
  A jackal (D:1)
  2 kobolds
  A ball python (D:2)
  A rat (D:2)
25 creatures vanquished.

Grand Total: 36 creatures vanquished

Notes
Turn   | Place    | Note
--------------------------------------------------------------
     0 | D:1      | TheGoonsmith the Deep Elf Summoner began the quest for the Orb.
     0 | D:1      | Reached XP level 1. HP: 10/10 MP: 6/6
   350 | D:1      | Reached XP level 2. HP: 15/15 MP: 2/8
   368 | D:1      | Reached skill level 4 in Spellcasting
   430 | D:1      | Learned a level 2 spell: Call Imp
   887 | D:2      | Found a faded altar to an unknown god.
  1156 | D:2      | You fall through a shaft for 2 floors!
  1186 | D:4      | Reached XP level 3. HP: 19/19 MP: 6/10
  1237 | D:4      | Reached skill level 1 in Fighting
  1265 | D:4      | Reached XP level 4. HP: 25/25 MP: 3/12
  1271 | D:4      | Reached skill level 5 in Spellcasting
  1306 | D:4      | Noticed dwasdwasdwas's ghost (amateur SpAK)
  1314 | D:4      | Killed dwasdwasdwas's ghost
  1314 | D:4      | Reached skill level 6 in Spellcasting
  1314 | D:4      | Reached XP level 5. HP: 11/29 MP: 3/15
  1514 | D:4      | Learned a level 3 spell: Call Canine Familiar
  1519 | D:4      | Learned a level 4 spell: Summon Ice Beast
  1775 | D:4      | Reached skill level 7 in Spellcasting
  1803 | D:4      | Noticed an ogre
  1875 | D:4      | Killed an ogre
  1875 | D:4      | Reached XP level 6. HP: 34/34 MP: 0/18
  2048 | D:3      | Noticed dwasdwasdwas's ghost (novice DsMo)
  2070 | D:3      | Mangled by dwasdwasdwas's ghost

Vault maps used:
D:1:      zelgadis_glass_arrival_small, serial_bayou_lagoon_b
D:2:      grunt_pakellas_basics, lemuel_coloured_pillars_altar,
          ecumenical_altar_2
D:3:      cheibriados_altar_1
D:4:      grunt_gozag_breadcrumbs

Skill      XL: |  1  2  3  4  5 |
---------------+----------------+-----
Spellcasting   | 4 6 7 |  7.7
Dodging        | 3 |  3.6
Fighting       | 1 |  1.0
Stealth        | |  2.4
Summonings     | |  4.3

Action                   |  1- 3 |  4- 6 || total
-------------------------+-------+-------++-------
Melee: Dagger            |     7 |       ||     7
       Short sword       |     9 |    30 ||    39
 Cast: Summon Small Mamm |    62 |    23 ||    85
       Call Imp          |     4 |    13 ||    17
       Call Canine Famil |       |     6 ||     6
 Stab: Sleeping          |       |     1 ||     1
  Eat: Chunk             |     1 |     2 ||     3
Armor: Robe              |    11 |     2 ||    13
Dodge: Dodged            |    18 |    18 ||    36
